Map: Automaton LE

Players

Alluton - Winner!

  • Race: Protoss Protoss
  • League: Grandmaster
  • Spawn Location: 3:00

Zenith

  • Race: Zerg Zerg
  • League: Master
  • Spawn Location: 9:00

VOD

Have the link to the VOD?

Description

Time

  • Played on: Dec. 3, 2018, 2:20 p.m.
  • Length: 9:44
Show
View Real Time Build Order
Export as new Build Order

Alluton Protoss - Winner!

Build Orders: 1 Gate Expand, Oracle Opening, Archon Immortal 

Get SALT Encoding   

  12  0:00  Probe  
  13  0:12  Probe  
  14  0:21  Pylon  
  14  0:25  Probe  
  15  0:35  Probe  
  15  0:42  Gateway  
  16  0:43  Probe  
  17  0:50  Assimilator  
  17  0:53  Probe  
  18  1:05  Probe  
  19  1:24  Nexus  
  19  1:27  Probe  
  20  1:36  Cybernetics Core  
  20  1:39  Probe  
  21  1:46  Assimilator  
  21  1:51  Probe  
  22  1:55  Pylon  
  22  2:02  Probe  
  23  2:10  Probe, Adept  
  26  2:18  Probe  
  27  2:27  Warp Gate, Probe  
  27  2:32  Probe  
  27  2:35  Probe  
  29  2:39  Stargate  
  29  2:40  Probe  
  29  2:41  Zealot  
  32  2:44  Probe  
  32  2:50  Probe  
  34  2:56  Probe  
  36  3:03  Probe  
  37  3:08  Probe  
  37  3:09  Gateway  
  38  3:18  Gateway  
  38  3:19  Probe  
  39  3:20  Probe  
  39  3:26  Pylon  
  40  3:28  Oracle  
  40  3:33  Probe  
  41  3:34  Probe  
  43  3:41  Probe  
  43  3:46  Probe  
  45  3:49  Probe  
  45  3:50  Nexus  
  46  3:56  Pylon  
  46  3:58  Probe  
  46  3:59  Pylon  
  47  4:05  Oracle  
  47  4:09  Probe  
  51  4:10  Probe  
  51  4:16  Adept x2  
  56  4:17  Adept  
  56  4:21  Probe  
  56  4:23  Probe  
  60  4:27  Pylon  
  60  4:30  Assimilator  
  60  4:31  Assimilator  
  60  4:33  Probe  
  60  4:37  Probe  
  62  4:39  Adept x2  
  62  4:42  Adept  
  62  4:43  Probe  
  69  4:46  Probe  
  69  4:51  Probe  
  70  4:54  Probe  
  70  4:59  Probe  
  72  5:00  Probe  
  72  5:01  Twilight Council  
  72  5:02  Forge  
  72  5:03  Probe  
  75  5:08  Probe  
  75  5:09  Probe  
  77  5:16  Probe  
  77  5:17  Probe  
  77  5:18  Protoss Ground Weapons Level 1, Probe  
  80  5:28  Probe  
  81  5:32  Charge  
  81  5:34  Void Ray  
  85  5:35  Probe  
  85  5:36  Probe  
  85  5:39  Robotics Facility  
  85  5:42  Robotics Facility  
  85  5:55  Probe  
  84  5:57  Templar Archives  
  84  5:59  Gateway  
  84  6:02  Gateway  
  84  6:04  Gateway  
  82  6:09  Probe x3  
  85  6:11  Assimilator  
  85  6:13  Pylon  
  85  6:24  Zealot x3  
  91  6:26  Assimilator  
  91  6:39  Psionic Storm  
  85  6:41  Immortal x2  
  85  6:44  Protoss Ground Weapons Level 2  
  85  6:45  Gateway x2  
  93  6:49  Gateway  
  93  6:52  Pylon  
  93  6:54  Pylon  
  93  6:57  Zealot x4  
  101  7:06  Pylon  
  101  7:09  Pylon  
  101  7:15  Pylon  
  101  7:20  High Templar x2, Zealot x2, Immortal, Observer  
  101  7:21  Zealot  
  116  7:24  Archon  
  116  7:27  Zealot  
  118  7:33  Pylon  
  118  7:34  Warp Prism  
  118  7:35  Gateway  
  118  7:36  Gateway  
  118  7:40  High Templar x2  
  118  7:41  Zealot x3  
  129  7:46  Zealot, Archon  
  129  7:48  Zealot  
  134  7:56  Immortal  
  134  8:08  High Templar  
  134  8:09  High Templar x2  
  134  8:10  High Templar  
  134  8:11  Zealot  
  148  8:15  Archon x2  
  145  8:20  Zealot x2  
  145  8:26  Pylon  
  149  8:28  Pylon  
  149  8:29  Pylon  
  149  8:40  Nexus  
  149  8:42  Pylon  
  149  8:46  Pylon  
  149  8:47  Zealot x6  
  149  8:48  Zealot x4  
  169  9:07  Zealot x4  
  169  9:08  Zealot  
  179  9:14  Zealot x2  
  179  9:15  Zealot  
  167  9:29  Zealot  
  167  9:30  Zealot x5  
  140  9:41  High Templar x5  
Show
View Real Time Build Order
Export as new Build Order

Zenith Zerg 

Build Orders: Hatch First 

Get SALT Encoding   

  12  0:00  Drone  
  13  0:12  Overlord  
  13  0:18  Drone  
  14  0:31  Drone x2  
  16  0:51  Hatchery  
  16  0:54  Drone  
  16  0:57  Drone  
  16  1:00  Drone  
  16  1:03  Extractor  
  17  1:18  Spawning Pool  
  16  1:21  Drone  
  16  1:24  Drone  
  18  1:28  Drone  
  19  1:39  Overlord  
  19  1:50  Drone  
  20  2:05  Queen x2  
  20  2:06  Zergling x2  
  20  2:07  Zergling x2  
  26  2:13  Metabolic Boost  
  26  2:18  Drone  
  26  2:20  Drone  
  28  2:26  Drone x2  
  30  2:47  Hatchery  
  30  2:48  Overlord  
  30  2:51  Drone x2  
  30  2:54  Drone  
  30  2:58  Drone  
  33  2:59  Drone  
  34  3:13  Zergling x4  
  34  3:15  Spore Crawler  
  35  3:21  Queen  
  38  3:28  Extractor, Spore Crawler  
  38  3:33  Drone  
  40  3:34  Drone x5  
  41  3:44  Extractor, Drone x2  
  42  3:53  Roach Warren  
  42  3:55  Drone x2  
  42  4:00  Lair  
  43  4:06  Drone  
  43  4:09  Queen  
  46  4:11  Overlord  
  46  4:15  Spore Crawler  
  45  4:19  Drone x2  
  45  4:20  Drone x2  
  45  4:22  Drone  
  50  4:33  Drone x3  
  50  4:37  Extractor, Drone  
  50  4:39  Drone x3  
  50  4:43  Drone  
  50  4:44  Spore Crawler  
  53  4:46  Drone  
  54  4:53  Overlord  
  54  4:55  Drone x2  
  54  4:56  Drone  
  54  4:57  Drone  
  58  5:01  Glial Reconstitution  
  58  5:11  Overlord x2  
  58  5:16  Drone x2  
  58  5:18  Roach x3  
  66  5:26  Overlord x2  
  66  5:28  Zergling x2  
  66  5:35  Drone  
  60  5:36  Roach x2  
  63  5:48  Roach x3  
  66  5:54  Drone  
  66  5:55  Drone x6  
  66  5:56  Drone  
  74  6:06  Drone  
  74  6:11  Overseer  
  75  6:18  Drone, Hydralisk Den  
  75  6:19  Drone x7  
  82  6:32  Drone x4  
  83  6:40  Spore Crawler  
  82  6:48  Extractor, Drone x8  
  82  6:49  Extractor, Drone  
  89  6:59  Queen  
  89  7:02  Hatchery  
  89  7:05  Grooved Spines  
  88  7:10  Drone x2  
  88  7:14  Overlord x2  
  88  7:15  Overlord x2  
  90  7:19  Baneling Nest  
  89  7:26  Drone  
  90  7:39  Hydralisk x5  
  90  7:40  Hydralisk x5  
  110  7:44  Overseer  
  110  7:48  Hydralisk x3  
  116  8:03  Pneumatized Carapace  
  115  8:09  Drone  
  115  8:12  Hydralisk x3  
  116  8:13  Hydralisk x2  
  116  8:15  Overlord  
  116  8:16  Overlord x4, Muscular Augments  
  116  8:17  Centrifical Hooks  
  126  8:40  Hydralisk x7  
  126  8:41  Hydralisk x2  
  140  8:43  Overlord  
  145  8:48  Zergling x2  
  145  8:49  Zergling x8  
  149  8:59  Zergling x14  
  157  9:08  Baneling x2  
  157  9:09  Baneling x3  
  153  9:12  Zergling x6  
Tags
 
Add a new tag
Caveats
  • Supply blocks, unpowered buildings, or Contaminate may cause inaccurate times.
  • Supply counts are checked every 10 seconds.